 Dungeon Crawl Stone Soup version 0.21.1-1-g345015f (webtiles) character file.

168 sking99 the Insei (level 5, -1/25 HPs)
             Began as a Vine Stalker Transmuter on June 22, 2018.
             Slain by Grinder (6 damage)
             ... while paralysed by Grinder
             ... on level 3 of the Dungeon.
             The game lasted 00:14:04 (3295 turns).

sking99 the Insei (Vine Stalker Transmuter)         Turns: 3295, Time: 00:14:04

Health: -1/25      AC:  2    Str: 12    XL:     5   Next: 49%
Magic:  0/10       EV:  2    Int: 14    God:
Gold:   142        SH:  0    Dex: 15    Spells: 7/10 levels left

rFire    . . .     SeeInvis .     - Unarmed
rCold    . . .     Gourm    .   (no shield)
rNeg     . . .     Faith    .   b - +0 robe
rPois    .         Spirit   +   (no helmet)
rElec    .         Reflect  .   (no cloak)
rCorr    .         Harm     .   (no gloves)
MR       .....                  (no boots)
Stlth    +.........             (no amulet)
HPRegen  0.48/turn              (no ring)
MPRegen  0.12/turn              (no ring)

@: paralysed
A: fangs 2, regeneration 1, magic shield, antimagic bite, no potion heal 3, rot
immunity
a: no special abilities


You were on level 3 of the Dungeon.
You were not hungry.

You visited 1 branch of the dungeon, and saw 4 of its levels.

You collected 142 gold pieces.

Inventory:

Missiles
 a - 7 arrows
Armour
 b - a +0 robe (worn)
 j - a cursed +0 cloak
Scrolls
 f - 2 scrolls of identify {unknown}
 h - a scroll of teleportation {unknown}
 i - a scroll of amnesia {unknown}
Potions
 e - a potion of agility {unknown}
 k - a potion of curing {unknown}
 l - a potion of brilliance {unknown}
Books
 c - a book of Changes

   Spells                             Type                      Level
   a - Beastly Appendage              Transmutation                1
   b - Sticks to Snakes               Transmutation                2
   c - Spider Form                    Transmutation/Poison         3
   d - Ice Form                       Ice/Transmutation            4
   e - Blade Hands                    Transmutation                5
Comestibles
 d - 5 rations
 g - 2 chunks of flesh


   Skills:
 - Level 0.8 Fighting
 - Level 1.7 Dodging
 - Level 5.0 Unarmed Combat
 - Level 3.0 Spellcasting
 + Level 3.0 Transmutations


You had 7 spell levels left.
You knew the following spells:

 Your Spells              Type           Power        Failure   Level  Hunger
a - Beastly Appendage     Tmut           ##....       6%          1    #......
b - Sticks to Snakes      Tmut           ##......     9%          2    ##.....


Dungeon Overview and Level Annotations

Branches:
Dungeon (4/15)
 Temple: D:4-7

Altars:
Okawaru

Annotations:
D:3 Grinder


Innate Abilities, Weirdness & Mutations

You have extremely sharp teeth.
Your natural rate of healing is unusually fast.
When hurt, damage is shared between your health and your magic reserves.
Your bite disrupts and absorbs the magic of your enemies.
Potions cannot restore your health.
You are immune to rotting.


Message History

Your ball python bites Grinder but does no damage.
Your ball python constricts Grinder.
Your ball python bites Grinder but does no damage.
Things that are here:
a short sword; a kobold corpse Your ball python bites Grinder.
Your ball python constricts Grinder.
Your ball python barely misses Grinder.
Grinder gestures at you.
You suddenly lose the ability to move!
Your ball python bites Grinder. x2; Your ball python constricts Grinder.
Grinder gestures at you. Pain shoots through your body!
Your ball python bites Grinder.
Your ball python constricts Grinder.
Your ball python bites Grinder.
Grinder hits your ball python!
Your ball python dies!
Your ball python misses Grinder.
Your ball python barely misses Grinder.
Grinder hits you.
* * * LOW HITPOINT WARNING * * *
You writhe in agony.
You die...

≈≈#≈ #(........(..... #. #
#≈≈≈≈#≈..#.##..###.#. #..
≈≈ ≈≈≈#≈≈.##.##..###.#.
###..
≈≈≈≈≈≈≈#...((....(#.#.
#....#
#≈#≈≈##.#..##.##.#.#.
#.....
≈≈≈≈≈#........##.#.#.
#.....##≈
#≈#.......###.#.#.
#..?.####S5..#............
#........@..............#
###.###>)..#.#.##.###.#.#
#........#.#.##.###.#.##
#####....#.#.....##...5.
#....#.#..........##
#....#.#.##..####.#
#....#.#..#..####.##
#....................
#.#...♣...#..########


You could see Grinder and a friendly ball python.

Vanquished Creatures
  Robin (D:3)
  A gnoll (D:4)
  2 adders
  An ooze (D:3)
  4 worms (D:2)
  A dart slug (D:2)
  2 leopard geckos
  5 orcs
  2 giant cockroaches
  13 hobgoblins
  19 jackals
  6 kobolds
  9 bats
  7 frilled lizards
  11 goblins
  14 rats
98 creatures vanquished.

Notes
Turn   | Place    | Note
-------+----------+-------------------------------------------
     0 | D:1      | sking99 the Vine Stalker Transmuter began the quest for the Orb.
     0 | D:1      | Reached XP level 1. HP: 9/9 MP: 4/4
    63 | D:1      | Reached XP level 2. HP: 5/14 MP: 1/6
   836 | D:1      | Reached XP level 3. HP: 11/17 MP: 4/7
  1108 | D:1      | Reached skill level 4 in Unarmed Combat
  1590 | D:1      | Learned a level 2 spell: Sticks to Snakes
  1923 | D:2      | Gained mutation: Your natural rate of healing is unusually fast. [Vine Stalker growth]
  1923 | D:2      | Reached XP level 4. HP: 14/21 MP: 8/8
  2760 | D:3      | Found an iron altar of Okawaru.
  2782 | D:3      | Noticed Grinder
  2884 | D:4      | Reached XP level 5. HP: 14/25 MP: 5/10
  2988 | D:4      | Noticed a phantom
  3021 | D:3      | Noticed Robin
  3051 | D:3      | Killed Robin
  3051 | D:3      | Reached skill level 5 in Unarmed Combat
  3292 | D:3      | Paralysed by Grinder for 4 turns
  3295 | D:3      | Slain by Grinder

Skill      XL: |  1  2  3  4  5 |
---------------+----------------+-----
Unarmed Combat | 4 5 |  5.0
Spellcasting   | 3 |  3.0
Transmutations | 3 |  3.0
Fighting       | |  0.8
Dodging        | |  1.7

Action                   |  1- 3 |  4- 6 || total
-------------------------+-------+-------++-------
Melee: Unarmed           |   161 |   154 ||   315
       Bite              |    38 |    41 ||    79
       Headbutt          |     2 |       ||     2
       Kick              |     3 |       ||     3
       Punch             |     3 |     3 ||     6
 Cast: Beastly Appendage |     8 |       ||     8
       Sticks to Snakes  |       |     5 ||     5
  Eat: Chunk             |     3 |     5 ||     8
Armor: Robe              |    39 |    15 ||    54
Dodge: Dodged            |    88 |    53 ||   141
